 Dungeon Crawl Stone Soup version 0.28.0-1-gb440e238dd (webtiles) character file.

Game seed: 6768957845570698078

418 PoweredByGinger the Cudgeller (level 6, -7/59 HPs)
             Began as a Troll Berserker on Feb 19, 2022.
             Was a Priest of Trog.
             Mangled by an ogre (28 damage)
             ... on level 4 of the Dungeon.
             The game lasted 00:02:36 (2548 turns).

PoweredByGinger the Cudgeller (Troll Berserker)     Turns: 2548, Time: 00:02:37

Health: -7/59      AC:  4    Str: 28    XL:     6   Next: 61%
Magic:  5/5        EV: 10    Int:  3    God:    Trog [***...]
Gold:   138        SH:  0    Dex:  9    Spells: 5/5 levels left

rFire   . . .      SeeInvis .   a - +0 mace
rCold   . . .      Faith    .   (no shield)
rNeg    . . .      Spirit   .   b - +0 animal skin
rPois   .          Reflect  .   (helmet restricted)
rElec   .          Harm     .   (no cloak)
rCorr   .          Rampage  .   (gloves unavailable)
Will    .....                   (boots unavailable)
Stlth   +.........              (no amulet)
HPRegen 0.99/turn               (no ring)
MPRegen 0.09/turn               (no ring)

@: no status effects
A: large, unfitting armour, claws 3, regeneration 1, shaggy fur 1, tough skin 1
a: Renounce Religion, Berserk, Trog's Hand


You were on level 4 of the Dungeon.
You worshipped Trog.
Trog was most pleased with you.
You visited 1 branch of the dungeon, and saw 4 of its levels.

You collected 176 gold pieces.
You spent 38 gold pieces at shops.

Inventory:

Hand Weapons
 a - a +0 mace (weapon)
Missiles
 e - 25 arrows
 j - 2 poisoned darts (quivered)
 m - 25 bolts
Armour
 b - a +0 animal skin (worn)
Scrolls
 c - 2 scrolls of immolation {unknown}
 d - 2 scrolls of teleportation {unknown}
 g - 2 scrolls of fear
 i - 3 scrolls of identify {unknown}
 l - a scroll of silence {unknown}
 n - a scroll of enchant weapon {unknown}
Potions
 f - 3 potions of curing {unknown}
 h - a potion of haste {unknown}
 k - 2 potions of lignification {unknown}


   Skills:
 - Level 2.4 Fighting
 + Level 6.9 Maces & Flails
 - Level 2.4 Dodging


You had 5 spell levels left.
You didn't know any spells.
Your spell library was empty.

Dungeon Overview and Level Annotations

Branches:
Dungeon (4/15)
 Temple: D:4-7

Altars:
Kikubaaqudgha

Shops:
D:2 *


Innate Abilities, Weirdness & Mutations

You are too large for most types of armour.
You have claws for hands.
Your natural rate of healing is unusually fast.
You are covered in fur. (AC +1)
You have tough skin. (AC +1)


Message History

Found a dagger.
You sock the scorpion!
The scorpion is heavily wounded.
The scorpion stings you but does no damage.
You closely miss the scorpion.
The scorpion is heavily wounded.
The scorpion barely misses you. x2
You closely miss the scorpion.
The scorpion is heavily wounded.
The scorpion closely misses you.
You thump the scorpion!
You kill the scorpion!
Trog accepts your kill.
No target in view!
No target in view!
No target in view!
You see here a scorpion corpse.
You see here a +0 dagger.
An ogre comes into view. It is wielding a +0 giant spiked club.
An ogre is nearby!
An ogre is nearby!
An ogre is nearby!
An ogre is nearby!
You barely miss the ogre.
The ogre hits you with a +0 giant spiked club!!
You sock the ogre!
The ogre is moderately wounded.
The ogre closely misses you.
You sock the ogre!
The ogre is severely wounded.
The ogre hits you with a +0 giant spiked club!!
You are too injured to fight recklessly!
You are too injured to fight recklessly!
You are too injured to fight recklessly!
You hit the ogre but do no damage.
The ogre is severely wounded.
You thump the ogre!
The ogre is almost dead.
The ogre hits you with a +0 giant spiked club!!
You die...

... #.# #.. ..# #.#
#.# #.# #.# #.# #.#
#.# #O# #.# ##@# #.#
#..# ###.### #..#
#.....#####..##
#.###...).....# #.#
#..####...# #.###..#
#...# #.†....#
#...###
########..##..>....#


You could see an ogre.

Vanquished Creatures
  A black bear (D:2)
  A phantom (D:4)
  A scorpion (D:4)
  A hound (D:4)
  An orc wizard (D:3)
  5 adders
  2 adder skeletons
  2 worms
  2 dart slugs
  8 orcs
  4 ball pythons
  6 endoplasms
  2 giant cockroaches
  4 goblins
  8 hobgoblins
  10 jackals
  4 quokkas
  4 bats
  4 frilled lizards
  4 kobolds
  4 rats
78 creatures vanquished.

Notes
Turn   | Place    | Note
-------+----------+-------------------------------------------
     0 | D:1      | PoweredByGinger the Troll Berserker began the quest for the
                  | Orb.
     0 | D:1      | Reached XP level 1. HP: 22/22 MP: 0/0
   165 | D:1      | Reached skill level 3 in Maces & Flails
   304 | D:1      | Reached XP level 2. HP: 26/29 MP: 1/1
   835 | D:2      | Noticed a black bear
   841 | D:2      | Killed a black bear
   842 | D:2      | Reached skill level 4 in Maces & Flails
   842 | D:2      | Reached XP level 3. HP: 26/36 MP: 2/2
   842 | D:2      | Reached XP level 4. HP: 32/44 MP: 3/3
   892 | D:2      | Reached skill level 5 in Maces & Flails
   923 | D:2      | Found a faded altar of an unknown god.
  1120 | D:2      | Reached XP level 5. HP: 47/50 MP: 4/4
  1284 | D:2      | Reached ** piety under Trog
  1309 | D:2      | Found Jiemmei's General Store.
  1318 | D:2      | Bought a scroll of fear for 38 gold pieces
  2128 | D:3      | Reached skill level 6 in Maces & Flails
  2154 | D:3      | Found an ancient bone altar of Kikubaaqudgha.
  2264 | D:4      | Noticed a phantom
  2330 | D:3      | Reached *** piety under Trog
  2421 | D:4      | Killed a phantom
  2422 | D:4      | Reached XP level 6. HP: 39/59 MP: 5/5
  2548 | D:4      | Mangled by an ogre

Illustrated notes

Levels and vault maps discovered:
D:1:      lemuel_arrival_lava_pool, layout_loops_ring, minmay_bisected
D:2:      layout_loops_ring, shapermc_ecumenical_altar_hornbeckon, serial_shops,
          shop
D:3:      layout_basic, lemuel_coloured_pillars_altar,
          kennysheep_generic_room_10
D:4:      layout_loops_ring, mainiacjoe_overflow_alcove_1,
          corexii_hall_statues_deadend

Skill      XL: |  1  2  3  4  5 |
---------------+----------------+-----
Maces & Flails | 3 4 5 6 |  6.9
Fighting       | |  2.4
Dodging        | |  2.4

Action                   |  1- 3 |  4- 6 || total
-------------------------+-------+-------++-------
Melee: Mace              |    77 |   188 ||   265
       Punch             |       |     2 ||     2
Armor: Animal skin       |    41 |    79 ||   120
Dodge: Dodged            |    62 |   117 ||   179
